 Dungeon Crawl Stone Soup version 0.21.1-68-g103a7afc0a (webtiles) character file.

665 ryou the Covered (level 7, -6/61 HPs)
             Began as a Minotaur Fighter on Aug 2, 2018.
             Killed by divine providence
             ... invoked by an orc priest
              (13 damage)
             ... on level 5 of the Dungeon.
             The game lasted 00:33:01 (4673 turns).

ryou the Covered (Minotaur Fighter)                 Turns: 4673, Time: 00:33:02

Health: -6/61      AC:  8    Str: 25    XL:     7   Next: 31%
Magic:  6/6        EV:  8    Int:  5    God:
Gold:   206        SH: 10    Dex:  9    Spells: 6/6 levels left

rFire    . . .     SeeInvis .   a - +0 war axe
rCold    . . .     Gourm    .   c - +0 shield
rNeg     . . .     Faith    .   w - +1 scale mail {MR+}
rPois    .         Spirit   .   (helmet restricted)
rElec    .         Reflect  .   p - scarf {repulsion}
rCorr    .         Harm     .   (no gloves)
MR       +....                  (no boots)
Stlth    ..........             (no amulet)
HPRegen  0.20/turn              t - +2 ring of strength
MPRegen  0.10/turn              (no ring)

@: repel missiles
A: retaliatory headbutt, horns 2
a: no special abilities


You were on level 5 of the Dungeon.
You were not hungry.

You visited 1 branch of the dungeon, and saw 5 of its levels.

You collected 206 gold pieces.

Inventory:

Hand Weapons
 a - a +0 war axe (weapon)
 v - a +1 whip of venom
Armour
 c - a +0 shield (worn)
 j - a +0 chain mail
 o - a +0 plate armour
 p - a scarf of repulsion (worn)
 w - a +1 scale mail of magic resistance (worn)
Jewellery
 t - a +2 ring of strength (left hand)
Scrolls
 e - a scroll of remove curse
 g - 5 scrolls of identify {unknown}
 l - a scroll of random uselessness {unknown}
 m - a scroll of teleportation {unknown}
 n - a scroll of blinking {unknown}
 q - a scroll of amnesia {unknown}
 r - a scroll of immolation {unknown}
 s - a scroll of magic mapping {unknown}
 u - a scroll of fog {unknown}
Potions
 d - 3 potions of might
 h - a potion of curing {unknown}
 i - a potion of haste {unknown}
 k - a potion of degeneration {unknown}
Comestibles
 f - a ration


   Skills:
 + Level 5.4 Fighting
 + Level 5.4 Axes
 + Level 6.0 Armour
 + Level 1.5 Dodging
 + Level 0.1 Stealth
 + Level 5.9 Shields


You had 6 spell levels left.
You didn't know any spells.

Dungeon Overview and Level Annotations

Branches:
Dungeon (5/15)
 Temple: D:4-7

Altars:
Dithmenos
Ru
Uskayaw
Wu Jian


Innate Abilities, Weirdness & Mutations

You reflexively headbutt those who attack you in melee.
You have a pair of horns on your head.


Message History

The orc wizard gestures at you while chanting.
The puff of frost hits you!
The orc priest invokes the aid of Beogh against you.
You resist with some effort. You block the orc's attack.
The orc wizard shouts!
The orc wizard looks braver for a moment.
The orc wizard casts a spell.
The orc wizard blinks!
You block the orc's attack.
You are too injured to fight recklessly!
You are too injured to fight recklessly!
You slash the orc priest! Your headbutt misses the orc priest.
The orc priest is severely wounded.
You hit the orc wizard. The orc wizard hits you with a dagger.
The orc priest hits you with a flail. The orc wizard hits you with a dagger.
The orc priest calls down the wrath of Beogh upon you.
Beogh smites you!
* * * LOW HITPOINT WARNING * * *
The orc priest mumbles some strange prayers to Beogh against you.
Beogh smites you!
You die...

..............#
..........###...##
.........## .... .........#
#... ........# #..# .###...
......... #..# ..#....
......... #..# .......
......#..## #..# .......
......##..#####.@#####.......
.....# #..##....oo...#.!.....
....# #..#..####.o..........
....# #...#.# ##...)†......
...# ###...##._ ###oo)......
..## ##...### .#.. #.........
..####.....# .#..#.#.......
.#.......##(.......$##.§.....
.........# #.##.#... .......


You could see 3 orc priests, an orc wizard and an orc.

Vanquished Creatures
  The ghost of Pieper the Shield-Bearer, an amateur GrFi (D:4)
  Edmund (D:4)
  A jelly (D:3)
  3 hounds
  4 orc wizards
  Robin (D:2)
  4 adders
  A shadow imp (D:4)
  An ooze (D:3)
  An adder skeleton (D:4)
  A dart slug (D:4)
  4 leopard geckos
  14 orcs
  6 giant cockroaches
  17 goblins
  5 hobgoblins
  4 kobolds
  3 quokkas
  2 bats (D:1)
  2 frilled lizards
  6 rats
82 creatures vanquished.

Notes
Turn   | Place    | Note
-------+----------+-------------------------------------------
     0 | D:1      | ryou the Minotaur Fighter began the quest for the Orb.
     0 | D:1      | Reached XP level 1. HP: 19/19 MP: 0/0
   257 | D:1      | Reached XP level 2. HP: 26/27 MP: 1/1
   424 | D:1      | Reached skill level 4 in Armour
   710 | D:1      | You fall through a shaft!
   716 | D:2      | Reached XP level 3. HP: 29/33 MP: 2/2
   721 | D:2      | Noticed Robin
   744 | D:2      | Killed Robin
  1412 | D:2      | Reached XP level 4. HP: 41/41 MP: 3/3
  1574 | D:2      | Found a sacrificial altar of Ru.
  1576 | D:2      | Found a shadowy altar of Dithmenos.
  1867 | D:3      | Reached skill level 1 in Dodging
  1962 | D:3      | Reached XP level 5. HP: 47/47 MP: 4/4
  2997 | D:4      | Reached skill level 5 in Shields
  3188 | D:4      | Noticed Pieper's ghost (amateur GrFi)
  3215 | D:4      | Killed Pieper's ghost
  3215 | D:4      | Reached skill level 5 in Fighting
  3215 | D:4      | Reached skill level 5 in Armour
  3215 | D:4      | Reached XP level 6. HP: 31/56 MP: 5/5
  3475 | D:4      | Found a shadowy altar of Dithmenos.
  3597 | D:4      | Found a hide-covered altar of Uskayaw.
  3597 | D:4      | Noticed an enchanted hand axe
  3597 | D:4      | Noticed a dagger
  4307 | D:4      | Noticed Edmund
  4338 | D:4      | Killed Edmund
  4338 | D:4      | Reached skill level 5 in Axes
  4338 | D:4      | Reached XP level 7. HP: 27/61 MP: 6/6
  4524 | D:5      | Entered Level 5 of the Dungeon
  4642 | D:5      | Found an ornate altar of the Wu Jian Council.
  4664 | D:5      | Reached skill level 6 in Armour
  4673 | D:5      | Killed from afar by an orc priest

Skill      XL: |  1  2  3  4  5  6  7 |
---------------+----------------------+-----
Fighting       | 4 5 |  5.4
Shields        | 4 5 |  5.9
Armour         | 4 5 6 |  6.0
Axes           | 3 4 5 |  5.4
Dodging        | 1 |  1.5
Stealth        | |  0.1

Action                   |  1- 3 |  4- 6 |  7- 9 || total
-------------------------+-------+-------+-------++-------
Melee: War axe           |    74 |   135 |    36 ||   245
       Headbutt          |     6 |    38 |     3 ||    47
  Use: Scroll            |       |       |     1 ||     1
  Eat: Ration            |     1 |     1 |     1 ||     3
       Chunk             |       |     3 |       ||     3
Armor: Scale mail        |    46 |       |    26 ||    72
       Plate armour      |       |    51 |       ||    51
       Chain mail        |       |     5 |       ||     5
Dodge: Dodged            |    44 |    31 |    10 ||    85
       Deflected         |       |     1 |     1 ||     2
Block: Shield            |    50 |    68 |    25 ||   143
